 Dungeon Crawl Stone Soup version 0.28-a0-728-g0181a31188 (webtiles) character file.

Game seed: 14493367495653715428

36536 Johnny the Fencer (level 14, -2/120 HPs)
             Began as a Human Berserker on Oct 27, 2021.
             Was a High Priest of Trog.
             Slain by a killer bee (6 damage)
             ... on level 3 of the Lair of Beasts.
             The game lasted 00:15:48 (18585 turns).

Johnny the Fencer (Human Berserker)                Turns: 18585, Time: 00:15:49

Health: -2/120     AC: 12    Str: 34    XL:     14   Next: 24%
Magic:  14/14      EV: 11    Int:  9    God:    Trog [*****.]
Gold:   562        SH:  0    Dex: 13    Spells: 13/13 levels left

rFire   . . .      SeeInvis +   L - +3 scimitar (flame)
rCold   . . .      Faith    +   (no shield)
rNeg    . . .      Spirit   .   q - +2 ring mail of the Tired Priests {Str+7}
rPois   .          Reflect  .   i - +0 helmet
rElec   .          Harm     .   (no cloak)
rCorr   .          Rampage  .   H - +2 pair of gloves
Will    +....                   M - +0 pair of boots
Stlth   +.........              c - amulet of faith
HPRegen 0.30/turn               h - +6 ring of strength
MPRegen 0.14/turn               u - ring of see invisible

@: lethally poisoned (-2 -> -29), on berserk cooldown, slowed, very slow
A: no striking features
a: Renounce Religion, Berserk, Trog's Hand, Brothers in Arms


You were on level 3 of the Lair of Beasts.
You worshipped Trog.
Trog was extremely pleased with you.
You visited 2 branches of the dungeon, and saw 18 of its levels.

You collected 778 gold pieces.
You spent 216 gold pieces at shops.

Inventory:

Hand Weapons
 a - a +0 falchion
 b - a +0 vorpal long sword
 d - a +0 long sword
 e - a +1 short sword of venom
 r - a +0 great sword
 L - a +3 scimitar of flaming (weapon)
Missiles
 y - a throwing net (quivered)
Armour
 i - a +0 helmet (worn)
 q - the +2 ring mail of the Tired Priests (worn) {Str+7}
   (You found it on level 4 of the Dungeon)

   Str:       It affects your strength (+7).
 H - a +2 pair of gloves (worn)
 M - a +0 pair of boots (worn)
Jewellery
 c - an amulet of faith (around neck)
 h - a +6 ring of strength (left hand)
 n - a +6 ring of intelligence
 u - a ring of see invisible (right hand)
 x - an amulet of the acrobat
 F - an amulet of reflection
 G - a ring of fire
Wands
 l - a wand of flame (43)
Scrolls
 f - a scroll of amnesia
 k - a scroll of noise
 m - 2 scrolls of magic mapping
 o - 3 scrolls of teleportation
 t - a scroll of silence
 v - 2 scrolls of enchant armour
 A - 4 scrolls of immolation
Potions
 g - a potion of lignification
 j - a potion of mutation {unknown}
 s - a potion of flight {unknown}
 w - 4 potions of haste
 z - 3 potions of curing
 B - 2 potions of invisibility {unknown}
 C - a potion of cancellation {unknown}
 E - 3 potions of attraction {unknown}
 I - a potion of might {unknown}
 J - 4 potions of ambrosia {unknown}
 N - 4 potions of heal wounds
 O - a potion of berserk rage
Miscellaneous
 K - a phantom mirror


   Skills:
 + Level 14.0 Fighting
 * Level 19.0 Long Blades
 - Level 2.0 Armour
 - Level 2.0 Dodging


You had 13 spell levels left.
You didn't know any spells.
Your spell library was empty.

Dungeon Overview and Level Annotations

Branches:
Dungeon (15/15)            Temple (0/1) D:6            Lair (3/6) D:8
  Swamp (0/4) Lair:2          Orc (0/2) D:9
  Snake: Lair:2-4    Spider: Lair:2-4    Vaults: D:13-14     Depths: D:15

Altars:
Dithmenos
Fedhas
Kikubaaqudgha
Makhleb
Qazlal
Ru
Wu Jian
Beogh
Jiyva

Shops:
D:4 (   D:6 !   D:9 :   D:11 (

Annotations:
D:10 1 runed translucent door
D:12 3 runed translucent doors, Zigma's ghost, journeyman DrTm


Message History

* * * LOW HITPOINT WARNING * * *
You are more poisoned.
The killer bee poisons you!
The killer bee stings you but does no damage.
The killer bee stings you.
* * * LOW HITPOINT WARNING * * *
You barely miss the killer bee.
The killer bee is moderately wounded.
* * * LOW HITPOINT WARNING * * *
You feel very sick. The killer bee barely misses you.
The killer bee completely misses you. The killer bee barely misses you.
The killer bee stings you but does no damage. x2
You slice the killer bee!! You burn the killer bee.
You kill the killer bee!
Trog accepts your kill.
* * * LOW HITPOINT WARNING * * *
You feel very sick. The killer bee stings you.
* * * LOW HITPOINT WARNING * * *
The killer bee closely misses you. The killer bee barely misses you.
The killer bee stings you.
* * * LOW HITPOINT WARNING * * *
You are more poisoned.
The killer bee poisons you!
Your Fighting skill increases to level 14!
* * * LOW HITPOINT WARNING * * *
You feel very sick. The killer bee closely misses you.
The killer bee misses you.
You see here a killer bee corpse.
Unknown command.
You feel a strong urge to attack something.
You are no longer berserk.
You are exhausted.
You feel yourself slow down.
* * * LOW HITPOINT WARNING * * *
You feel very sick.
The killer bee stings you but does no damage.
The killer bee stings you.
You die...

♣♣ #P .#♣ ...♣♣♣#
♣♣..♣#..
......P#####.#.....
....)..yy@..........
.PP#....yy..........
######...........
####........
#........ #........
##....... ......


You could see 4 killer bees.

Vanquished Creatures
  The ghost of anet the Covert, a journeyman GnDe of Ashenzari (Lair:1)
  Harold (D:7)
  5 hydras
  3 centaur warriors
  Erica (D:10)
  5 two-headed ogres
  A tengu warrior (D:12)
  A skeletal warrior (D:12)
  A bog body (Lair:2)
  A deep elf pyromancer (D:12)
  An ugly thing (D:13)
  5 elephants
  4 black mambas
  5 cane toads (Lair:2)
  2 unseen horrors (D:12)
  Psyche (D:12)
  2 kobold demonologists
  An efreet (D:13)
  A rime drake (Lair:1)
  4 komodo dragons
  A troll (D:12)
  3 meliai (D:12)
  A polar bear (Lair:2)
  A hornet (D:9)
  5 slime creatures (D:12)
  2 shadows
  2 wyverns
  29 yaks
  2 steam dragons
  2 basilisks
  Grum (Lair:1)
  9 vampire mosquitoes
  Menkaure (D:7)
  3 acid dragons
  6 water moccasins
  7 orc warriors
  2 sky beasts
  4 black bears
  4 ogres
  6 wolves
  8 necrophages
  7 centaurs
  A phantom (D:5)
  4 kobold brigands
  2 scorpions
  4 bullfrogs
  A wyvern zombie (D:8)
  A gnoll sergeant (D:7)
  17 killer bees
  4 wights
  7 howler monkeys
  3 electric eels (D:12)
  A bullfrog zombie (D:6)
  7 centaur zombies
  7 orc priests
  3 gnoll shamans
  A bullfrog skeleton (D:4)
  5 hounds
  6 jellies
  A centaur skeleton (D:6)
  11 orc wizards
  2 iguanas (D:6)
  20 gnolls
  A howler monkey skeleton (D:5)
  5 adders
  A shadow imp (D:7)
  A white imp (D:6)
  An ufetubus (D:4)
  3 dart slugs
  39 orcs
  7 endoplasms
  2 goblins
  6 hobgoblins
  9 jackals (D:2)
  4 quokkas
  3 ball pythons
  5 bats
  3 frilled lizards
  18 kobolds
  2 rats (D:3)
  3 bushes
373 creatures vanquished.

Vanquished Creatures (collateral kills)
  2 killer bees (Lair:2)
2 creatures vanquished.

Vanquished Creatures (others)
  15 plants
15 creatures vanquished.

Grand Total: 390 creatures vanquished

Notes
Turn   | Place    | Note
-------+----------+-------------------------------------------
     0 | D:1      | Johnny the Human Berserker began the quest for the Orb.
     0 | D:1      | Reached XP level 1. HP: 18/18 MP: 1/1
   246 | D:1      | Reached XP level 2. HP: 24/24 MP: 2/2
   764 | D:2      | Reached XP level 3. HP: 19/29 MP: 3/3
   877 | D:2      | Found a faded altar of an unknown god.
  1247 | D:2      | Reached skill level 4 in Long Blades
  1733 | D:3      | Reached ** piety under Trog
  1742 | D:3      | Found a shadowy altar of Dithmenos.
  1881 | D:3      | Reached XP level 4. HP: 30/36 MP: 4/4
  2587 | D:3      | Reached XP level 5. HP: 42/42 MP: 5/5
  2750 | D:4      | Found Bumevop's Antique Weapon Shoppe.
  2761 | D:4      | Reached skill level 5 in Long Blades
  2991 | D:4      | Noticed a necrophage
  3007 | D:4      | Killed a necrophage
  3008 | D:4      | Reached XP level 6. HP: 49/49 MP: 6/6
  3094 | D:4      | Reached skill level 6 in Long Blades
  3098 | D:4      | Reached XP level 7. HP: 29/55 MP: 7/7
  3327 | D:4      | Identified the +6 whip of Prudence {freeze, MP+9}
  3334 | D:4      | Identified the +2 ring mail of the Tired Priests {Str+7}
  3525 | D:4      | Reached skill level 5 in Fighting
  3819 | D:4      | Reached skill level 7 in Long Blades
  3838 | D:5      | Entered Level 5 of the Dungeon
  3964 | D:4      | Reached XP level 8. HP: 63/63 MP: 8/8
  4247 | D:4      | Found an ornate altar of the Wu Jian Council.
  4802 | D:5      | Reached skill level 8 in Long Blades
  5444 | D:5      | Reached *** piety under Trog
  5750 | D:6      | Reached skill level 9 in Long Blades
  5750 | D:6      | Reached XP level 9. HP: 71/71 MP: 9/9
  6000 | D:6      | Found a staircase to the Ecumenical Temple.
  6255 | D:6      | Found Ecvonwus's Distillery.
  6258 | D:6      | Bought a potion of curing for 36 gold pieces
  6258 | D:6      | Bought a potion of heal wounds for 60 gold pieces
  6258 | D:6      | Bought a potion of haste for 120 gold pieces
  6287 | D:6      | Reached skill level 10 in Long Blades
  6312 | D:6      | HP: 1/63 [wight (4)]
  7060 | D:7      | Noticed Harold
  7080 | D:7      | Killed Harold
  7081 | D:7      | Reached skill level 11 in Long Blades
  7081 | D:7      | Reached XP level 10. HP: 80/80 MP: 10/10
  7304 | D:7      | Noticed Menkaure
  7312 | D:7      | Killed Menkaure
  8485 | D:8      | Reached **** piety under Trog
  8611 | D:8      | Found a stormy altar of Qazlal.
  8655 | D:8      | Found an ancient bone altar of Kikubaaqudgha.
  8831 | D:8      | Reached skill level 12 in Long Blades
  9169 | D:8      | Found a staircase to the Lair.
  9327 | D:8      | Identified the +4 great mace "Fietirunaf" {drain, rElec
                  | rPois rC+ Stlth-}
  9563 | D:8      | Found a blossoming altar of Fedhas.
  9861 | D:9      | Noticed a two-headed ogre
  9877 | D:9      | Killed a two-headed ogre
  9878 | D:9      | Reached skill level 13 in Long Blades
  9878 | D:9      | Reached XP level 11. HP: 80/90 MP: 11/11
  9883 | D:9      | Reached ***** piety under Trog
 10144 | D:9      | Found Yfyuss's Book Boutique.
 10170 | D:9      | Reached skill level 10 in Fighting
 10197 | D:9      | Found a viscous altar of Jiyva.
 10298 | D:9      | Found a staircase to the Orcish Mines.
 10725 | D:9      | Noticed a two-headed ogre
 10733 | D:9      | Killed a two-headed ogre
 10869 | D:10     | Entered Level 10 of the Dungeon
 11011 | D:10     | Reached skill level 14 in Long Blades
 11381 | D:10     | Found a sacrificial altar of Ru.
 11404 | D:10     | Found a runed translucent door.
 11406 | D:10     | Found a burning altar of Makhleb.
 11406 | D:10     | Noticed a sixfirhy
 11590 | D:10     | Noticed Erica
 11599 | D:10     | Killed Erica
 12482 | D:11     | Noticed a two-headed ogre
 12489 | D:11     | Killed a two-headed ogre
 12535 | D:11     | Reached XP level 12. HP: 89/100 MP: 12/12
 12538 | D:11     | Reached skill level 15 in Long Blades
 12596 | D:11     | Noticed a two-headed ogre
 12607 | D:11     | Killed a two-headed ogre
 13137 | D:11     | Found Lochi's Antique Weapon Boutique.
 13654 | D:12     | Noticed an azure jelly
 13654 | D:12     | Noticed an azure jelly
 13654 | D:12     | Noticed Zigma's ghost (journeyman DrTm)
 13654 | D:12     | Noticed an acid blob
 13654 | D:12     | Noticed an azure jelly
 13654 | D:12     | Noticed a rockslime
 13654 | D:12     | Noticed an azure jelly
 13654 | D:12     | Found a runed translucent gate.
 13654 | D:12     | Found a runed translucent gate.
 13654 | D:12     | Found a runed translucent gate.
 13655 | D:12     | Noticed an acid blob
 13657 | D:12     | Noticed an azure jelly
 13657 | D:12     | Noticed a rockslime
 13659 | D:12     | Noticed an azure jelly
 13666 | D:12     | Noticed a tengu warrior
 13672 | D:12     | Killed a tengu warrior
 13674 | D:12     | Found a viscous altar of Jiyva.
 13802 | D:12     | Noticed Psyche
 13817 | D:12     | Killed Psyche
 13917 | D:12     | Reached skill level 16 in Long Blades
 14021 | D:12     | Noticed a skeletal warrior
 14022 | D:12     | Noticed a skeletal warrior
 14022 | D:12     | Noticed a two-headed ogre
 14027 | D:12     | Noticed a skeletal warrior
 14027 | D:12     | Noticed a two-headed ogre
 14031 | D:12     | Killed a two-headed ogre
 14040 | D:12     | Killed a skeletal warrior
 14049 | D:12     | You fall into a shaft and drop 3 floors!
 14049 | D:15     | Entered Level 15 of the Dungeon
 14049 | D:15     | Noticed a skeletal warrior
 14049 | D:15     | Noticed a skeletal warrior
 14049 | D:15     | Noticed a skeletal warrior
 14049 | D:15     | Noticed a skeletal warrior
 14049 | D:15     | Noticed a skeletal warrior
 14242 | D:15     | Noticed a centaur warrior
 14243 | D:15     | Noticed a skeletal warrior
 14250 | D:15     | Noticed a centaur warrior
 14284 | D:14     | Noticed a centaur warrior
 14297 | D:14     | Killed a centaur warrior
 14306 | D:14     | Noticed a four-headed hydra
 14315 | D:14     | Killed a one-headed hydra
 14400 | D:13     | Noticed a centaur warrior
 14410 | D:13     | Killed a centaur warrior
 14624 | D:13     | Noticed a centaur warrior
 14631 | D:13     | Reached XP level 13. HP: 93/108 MP: 13/13
 14634 | D:13     | Killed a centaur warrior
 14802 | D:13     | Reached skill level 17 in Long Blades
 15403 | Lair:1   | Entered Level 1 of the Lair of Beasts
 15403 | Lair:1   | Noticed anet's ghost (journeyman GnDe)
 15403 | Lair:1   | Found a runed translucent door.
 15963 | Lair:1   | Noticed Grum
 15973 | Lair:1   | Killed Grum
 16058 | Lair:1   | Noticed a six-headed hydra
 16067 | Lair:1   | Killed a three-headed hydra
 16069 | Lair:1   | Reached skill level 18 in Long Blades
 16196 | Lair:1   | Noticed a five-headed hydra
 16204 | Lair:1   | Killed a two-headed hydra
 16687 | Lair:1   | Noticed a four-headed hydra
 16695 | Lair:1   | Killed a one-headed hydra
 16978 | Lair:1   | Killed anet's ghost
 16996 | Lair:1   | Identified the +4 spear of Yeast {holy, +Blink rF+ Str+3}
 17041 | Lair:2   | Noticed a four-headed hydra
 17079 | Lair:2   | Received a gift from Trog
 17132 | Lair:2   | Killed a one-headed hydra
 17140 | Lair:2   | Reached XP level 14. HP: 84/118 MP: 14/14
 17270 | Lair:2   | HP: 7/178 [bog body (26)]
 17742 | Lair:2   | Found a staircase to the Swamp.
 18571 | Lair:3   | Reached skill level 19 in Long Blades
 18585 | Lair:3   | HP: 4/120 [poisoned by a killer bee]
 18585 | Lair:3   | Slain by a killer bee

Illustrated notes

Levels and vault maps discovered:
D:1:      evilmike_arrival_hilbert_curve, layout_rooms, glass_columns_a,
          minmay_crystal_water
D:2:      layout_basic, dreamdust_ecumenical_altar_statues
D:3:      layout_rooms, mainiacjoe_overflow_chevrons, minmay_hedge_maze
D:4:      layout_layer_cave, mainiacjoe_overflow_paths, serial_shops, shop
D:5:      layout_basic, chequers_avenue, serial_park_tiny_pond,
          minmay_statues_item
D:6:      layout_cave_pools, minmay_temple_entry_slanted, serial_shops,
          nicolae_shop_behind_doors
D:7:      layout_basic, minivault_4, hangedman_glass_teeth,
          hellmonk_bongcloud_opening, david_defended_altar_orc, uniq_menkaure,
          uniq_harold
D:8:      layout_basic, fedhas_altar_decomposition,
          mainiacjoe_overflow_24_doors, grunt_qazlal_clouds, lair_entry_dummy
D:9:      layout_long_grid, orc_0_dummy, nicolae_stop_n_shop_1, jiyva_altar_1
D:10:     layout_roguey, nzn_makhleb_speed_demon, nicolae_ru_path_of_blood,
          uniq_erica
D:11:     layout_cave_pods, serial_shops, shop
D:12:     layout_basic, gammafunk_ghost_ooze, uniq_psyche
D:13:     layout_basic
D:14:     layout_roguey, lightli_vaults_fourway_checkpoint,
          grunt_decor_resistance
D:15:     grunt_enter_depths_giant_problem, layout_rooms, enter_trove_0,
          special_room [special_room_orc], serial_shops, nicolae_lakefront_shop,
          shop, nicolae_shop_stone, minmay_misc_feat_hallway, uniq_kirke
Lair:1:   layout_cave_pods, ebering_ghost_inner_flame, beast_lair_carwin_6,
          grunt_megastairs_4, uniq_grum
Lair:2:   layout_hall_layers, skrybe_swamp_entry_bodies
Lair:3:   wad_woods_minihive, layout_cave_pods,
          minmay_snake_entry_guardpost_small, nicolae_quartered_pool_medium,
          grunt_forest_large_clearings, lemuel_fruit_tree

Skill      XL: |  1  2  3  4  5  6  7  8  9 10 11 12 13 14 |
---------------+-------------------------------------------+-----
Long Blades    | 4 5 6 7 9 11 13 14 16 18 19 | 19.0
Fighting       | 4 5 6 8 9 11 12 13 14 | 14.0
Armour         | |  2.0
Dodging        | |  2.0

Action                   |  1- 3 |  4- 6 |  7- 9 | 10-12 | 13-15 || total
-------------------------+-------+-------+-------+-------+-------++-------
Melee: Falchion          |     6 |       |    13 |       |       ||    19
       Short sword       |    78 |   111 |   248 |       |       ||   437
       Long sword        |       |       |       |   414 |       ||   414
       Scimitar          |       |       |       |   193 |   288 ||   481
       Unarmed           |       |       |       |     2 |       ||     2
Throw: Throwing net      |       |       |       |     1 |       ||     1
Invok: Berserk           |     1 |     4 |     8 |    23 |    14 ||    50
       Trog's Hand       |       |     2 |     6 |    13 |     7 ||    28
       Brothers in Arms  |       |       |       |       |     1 ||     1
Evoke: Wand              |       |       |       |    14 |     4 ||    18
  Use: Potion            |       |     2 |     5 |       |     4 ||    11
       Scroll            |       |       |     1 |     8 |     9 ||    18
 Stab: Sleeping          |     1 |       |       |       |       ||     1
       Paralysed         |       |       |       |     7 |       ||     7
Armor: Animal skin       |    20 |     4 |       |       |       ||    24
       Chain mail        |       |    35 |       |       |       ||    35
       Skin              |       |    18 |    34 |     2 |    74 ||   128
       Ring mail         |       |       |    79 |   185 |   132 ||   396
Dodge: Dodged            |    75 |    47 |   128 |   253 |   218 ||   721

Table legend: (Time is in decaauts)
 A = Elapsed time spent in this place.
 B = Non-inter-level travel time spent in this place.
 C = Inter-level travel time spent in this place.
 D = Time resting spent in this place.
 E = Time spent auto-exploring this place.
 F = Levels seen in this place.
 G = Mean time per level.
                   A        B        C        D        E       F      G
               +--------+--------+--------+--------+--------+-----+--------+
         Total |  18734 |  18034 |    700 |   3936 |  11540 |  18 | 1040.8 |
       Dungeon |  15518 |  14936 |    582 |   2544 |  10199 |  15 | 1034.5 |
          Lair |   3216 |   3099 |    117 |   1392 |   1341 |   3 | 1072.0 |
               +--------+--------+--------+--------+--------+-----+--------+

Top non-repeatable levels by time:
     D:7: 1785 daAuts
     D:4: 1784 daAuts
  Lair:1: 1764 daAuts
    D:10: 1599 daAuts
  Lair:2: 1415 daAuts
     D:8: 1302 daAuts
    D:11: 1262 daAuts
     D:5: 1242 daAuts
     D:9: 1183 daAuts
     D:2: 1130 daAuts
     D:3: 1047 daAuts
     D:6: 999 daAuts
    D:12: 735 daAuts
     D:1: 558 daAuts
    D:13: 544 daAuts
